 Dungeon Crawl Stone Soup version 0.24.0-123-gd5b16e6ec5 (webtiles) character file.

Game seed: 14439590419596779980, levelgen mode: deterministic

3363 Nattfarinn the Summoner (level 10, -2/82 HPs)
             Began as a Barachi Summoner on Jan 19, 2020.
             Was a Believer of Cheibriados.
             Slain by a troll (11 damage)
             ... on level 10 of the Dungeon.
             The game lasted 00:36:59 (12811 turns).

Nattfarinn the Summoner (Barachi Summoner)         Turns: 12811, Time: 00:37:01

Health: -2/82      AC:  2    Str: 15    XL:     10   Next: 3%
Magic:  3/19       EV: 16    Int: 24    God:    Cheibriados [**....]
Gold:   323        SH:  3    Dex: 17    Spells: 7/21 levels left

rFire    . . .     SeeInvis .   h - +4 dagger (vamp)
rCold    . . .     Gourm    .   (no shield)
rNeg     + . .     Faith    .   E - +0 robe "Zabitz" {rCorr} (curse)
rPois    .         Spirit   .   (no helmet)
rElec    .         Reflect  +   C - scarf {cloud immunity}
rCorr    +         Harm     .   (no gloves)
MR       .....                  (no boots)
Stlth    ++........             F - +3 amulet of reflection
HPRegen  0.23/turn              e - +3 ring of evasion
MPRegen  0.16/turn              l - ring of positive energy

@: about to teleport, can't hop, very slow
A: +LOS, swims, slowness 1, strong legs 1
a: Hop, Bend Time, Renounce Religion


You were on level 10 of the Dungeon.
You worshipped Cheibriados.
Cheibriados was pleased with you.
You were very hungry.

You visited 2 branches of the dungeon, and saw 11 of its levels.

You collected 323 gold pieces.

Inventory:

Hand Weapons
 d - a +0 mace
 h - a +4 vampiric dagger (weapon)
Armour
 a - a +0 robe
 z - a +3 leather armour of cold resistance
 C - a scarf of cloud immunity (worn)
 E - the cursed +0 robe "Zabitz" (worn) {rCorr}
   (You found it on level 7 of the Dungeon)

   It provides partial protection from all sources of acid and corrosion.
   It has a curse placed upon it.
Magical Staves
 k - an uncursed staff of fire
Jewellery
 b - an uncursed amulet of the gourmand {unknown}
 e - a +3 ring of evasion (left hand)
 l - a ring of positive energy (right hand)
 s - a +4 ring of strength
 F - a +3 amulet of reflection (around neck)
 H - an uncursed amulet of the gourmand {unknown}
 K - an uncursed ring of protection from magic {unknown}
Wands
 v - a wand of polymorph (6)
 y - a wand of iceblast (16)
 A - a wand of random effects (22)
Scrolls
 i - 6 scrolls of enchant armour
 m - 2 scrolls of fear
 n - 2 scrolls of fog
 q - 2 scrolls of remove curse
 t - a scroll of random uselessness
 u - a scroll of amnesia {unknown}
 D - 3 scrolls of teleportation
 G - a scroll of identify
 I - a scroll of vulnerability {unknown}
Potions
 f - a potion of haste {unknown}
 g - a potion of agility
 j - 2 potions of lignification
 o - 3 potions of ambrosia
 p - 3 potions of curing
 r - 2 potions of brilliance
 w - a potion of invisibility {unknown}
 x - 2 potions of resistance
 B - a potion of flight {unknown}
 L - a potion of magic {unknown}
 M - a potion of berserk rage {unknown}
Comestibles
 c - 15 rations


   Skills:
 + Level 8.9 Fighting
 * Level 3.5 Armour
 - Level 2.1 Dodging
 - Level 1.7 Stealth
 - Level 6.3 Spellcasting
 + Level 9.4 Summonings
 - Level 5.8 Ice Magic
 - Level 4.5 Air Magic


You had 7 spell levels left.
You knew the following spells:

 Your Spells              Type           Power        Failure   Level  Hunger
a - Summon Small Mammal   Summ           ####         1%          1    None
b - Call Imp              Summ           ######..     1%          2    None
c - Summon Lightning Spi  Summ/Air       #####...     4%          4    ###....
d - Summon Ice Beast      Ice/Summ       #####...     3%          4    ###....
e - Call Canine Familiar  Summ           ######..     1%          3    None

Your spell library contained the following spells:

 Spells                   Type           Power        Failure   Level  Hunger
 Ensorcelled Hibernation  Hex/Ice        ###...       3%          2    None
 Recall                   Summ/Tloc      N/A          3%          3    None
 Summon Guardian Golem    Hex/Summ       ####....     3%          3    None
 Aura of Abjuration       Summ           ######....   4%          5    #####..
 Summon Demon             Summ           ######....   4%          5    #####..
 Corona                   Hex            #......      8%          1    None
 Confuse                  Hex            #.......     22%         3    None
 Dazzling Spray           Conj/Hex       #.....       22%         3    None
 Tukima's Dance           Hex            #.......     22%         3    None
 Shadow Creatures         Summ           N/A          24%         6    ######.
 Summon Forest            Summ/Tloc      ####......   30%         5    #####..
 Summon Mana Viper        Hex/Summ       ####....     30%         5    #####..


Dungeon Overview and Level Annotations

Branches:
Dungeon (10/15)            Temple (1/1) D:7            Lair (0/6) D:10
    Orc (0/2) D:10

Altars:
Cheibriados
Dithmenos
Elyvilon
Gozag
Hepliaklqana
Kikubaaqudgha
Nemelex Xobeh
Sif Muna
Uskayaw
Vehumet
Wu Jian
Zin
The Shining One

Shops:
D:6 =

Annotations:
D:8 2 transporters, anderalex17's ghost, novice DrBe


Innate Abilities, Weirdness & Mutations

Shadows flee at your approach. (+LOS)
You can swim through water.
You cover ground slowly.
You can hop short distances.


Message History

Your crimson imp dies!
The black bear bites you!
* * * LOW HITPOINT WARNING * * *
The black bear claws you.
* * * LOW HITPOINT WARNING * * *
The black bear claws you.
* * * LOW HITPOINT WARNING * * *
Something hits you.
* * * LOW HITPOINT WARNING * * *
Something shocks you.
* * * LOW HITPOINT WARNING * * *
Unknown command.
You feel better. The black bear bites you.
* * * LOW HITPOINT WARNING * * *
The black bear claws you.
* * * LOW HITPOINT WARNING * * *
The black bear claws you.
* * * LOW HITPOINT WARNING * * *
The troll bites you!
You die...

.......#* *##.,.....#
.......## *#...,..$.>*
........# *..#,,....,*
........###.#####t#***
............#.....#
.#...§§....##...D.#
......#.##.##/....#
*#.........†...hT<#
,##..........§.{@.#
.(...............##
...............).#
..##.............#
.#*#.............# .*
######.##.....# ,*
#....##### ** ###..#
,*********####


You could see a four-headed hydra, a troll, a crocodile and a black bear.

Vanquished Creatures
  A hippogriff (D:9)
  A phantom (D:3)
  2 ogres
  A crocodile (D:9)
  A big kobold (D:9)
  A wyvern skeleton (D:3)
  A water moccasin skeleton (D:6)
  A killer bee (D:9)
  A wight (D:6)
  2 howler monkeys
  A crimson imp (D:9)
  4 hounds
  A bullfrog skeleton (D:10)
  3 worker ants
  An iguana (D:6)
  6 adders
  2 shadow imps
  An ooze (D:3)
  5 worms
  3 dart slugs
  5 leopard geckos
  4 orcs
  3 bats
  5 giant cockroaches
  3 goblins
  5 hobgoblins
  A jackal (D:5)
  2 quokkas
  3 frilled lizards
  2 giant cockroach zombies
  5 kobolds
  A leopard gecko skeleton (D:7)
  A leopard gecko zombie (D:6)
  2 quokka zombies
  13 rats
94 creatures vanquished.

Vanquished Creatures (collateral kills)
  A two-headed ogre (D:9)
  A deep elf mage (D:9)
  A gargoyle (D:10)
  A troll (D:7)
  Prince Ribbit (D:5)
  A hippogriff (D:9)
  A spriggan (D:8)
  3 ice beasts
  2 sky beasts
  An orc warrior (D:9)
  2 ogres
  2 centaurs
  A phantom (D:8)
  2 big kobolds
  4 bullfrogs
  A scorpion (D:5)
  3 killer bees (D:9)
  2 wights (D:6)
  A crimson imp (D:8)
  2 bullfrog zombies
  A hound (D:5)
  4 orc priests
  Jessica (D:2)
  Ijyb (D:5)
  3 orc wizards
  A worker ant (D:9)
  A hound zombie (D:6)
  A hound skeleton (D:5)
  6 adders
  A shadow imp (D:8)
  2 oozes
  An adder zombie (D:5)
  An adder skeleton (D:9)
  2 worms
  A dart slug (D:1)
  A leopard gecko (D:5)
  16 orcs
  2 giant cockroaches
  3 goblins
  A hobgoblin (D:3)
  3 jackals (D:5)
  12 kobolds
  2 frilled lizards
  A leopard gecko skeleton (D:6)
  2 quokka zombies (D:6)
103 creatures vanquished.

Vanquished Creatures (others)
  A hobgoblin (D:3)
  6 fungi (D:10)
  9 plants
16 creatures vanquished.

Grand Total: 213 creatures vanquished

Notes
Turn   | Place    | Note
-------+----------+-------------------------------------------
     0 | D:1      | Nattfarinn the Barachi Summoner began the quest for the
                  | Orb.
     0 | D:1      | Reached XP level 1. HP: 13/13 MP: 3/3
   213 | D:1      | Reached skill level 5 in Summonings
   450 | D:1      | Reached XP level 2. HP: 11/19 MP: 1/5
  1401 | D:1      | Reached XP level 3. HP: 24/24 MP: 6/6
  1613 | D:2      | Reached skill level 6 in Summonings
  1773 | D:2      | Learned a level 2 spell: Call Imp
  1898 | D:2      | Noticed Jessica
  1909 | D:2      | Killed Jessica
  2455 | D:2      | Reached XP level 4. HP: 30/30 MP: 1/7
  2461 | D:2      | Learned a level 4 spell: Summon Lightning Spire
  2641 | D:2      | Reached skill level 7 in Summonings
  2848 | D:3      | Found a sparkling altar of Nemelex Xobeh.
  3077 | D:3      | Reached XP level 5. HP: 12/35 MP: 3/8
  4011 | D:3      | Reached skill level 8 in Summonings
  4476 | D:3      | Noticed a phantom
  4496 | D:3      | Killed a phantom
  4496 | D:3      | Reached XP level 6. HP: 32/41 MP: 5/9
  4847 | D:4      | Found an ornate altar of the Wu Jian Council.
  5097 | D:4      | Reached skill level 9 in Summonings
  5315 | D:4      | Noticed an ice beast
  5324 | D:4      | Killed an ice beast
  5324 | D:4      | Reached skill level 1 in Air Magic
  6155 | D:4      | Reached XP level 7. HP: 46/46 MP: 7/11
  6294 | D:5      | Entered Level 5 of the Dungeon
  6610 | D:5      | Noticed Prince Ribbit
  6747 | D:5      | Found an ancient bone altar of Kikubaaqudgha.
  6779 | D:5      | Noticed Ijyb
  6788 | D:5      | Killed Ijyb
  7427 | D:5      | Killed Prince Ribbit
  7574 | D:5      | Learned a level 4 spell: Summon Ice Beast
  7607 | D:6      | Reached skill level 1 in Fighting
  7837 | D:6      | Reached skill level 1 in Ice Magic
  7837 | D:6      | Reached XP level 8. HP: 29/56 MP: 6/13
  8008 | D:6      | Found Zygaheef's Jewellery Shop.
  9061 | D:7      | Noticed a troll
  9080 | D:7      | Killed a troll
  9363 | D:6      | Learned a level 3 spell: Call Canine Familiar
  9381 | D:7      | Found a shimmering blue altar of Sif Muna.
  9563 | D:7      | Reached skill level 5 in Fighting
  9851 | D:7      | Found a staircase to the Ecumenical Temple.
  9866 | D:7      | Got an ancient robe
  9867 | D:7      | Identified the cursed +0 robe "Zabitz" {rCorr} (You found
                  | it on level 7 of the Dungeon)
  9881 | Temple   | Entered the Ecumenical Temple
  9902 | Temple   | Became a worshipper of Cheibriados the Contemplative
  9985 | D:7      | Reached skill level 5 in Spellcasting
 10204 | D:8      | Found a transporter.
 10204 | D:8      | Found a transporter.
 10205 | D:8      | Noticed anderalex17's ghost (novice DrBe)
 10205 | D:8      | Identified the +3 great mace "Beetleslayer" {holy, *Corrode
                  | Fragile rN+++ Int+9}
 10205 | D:8      | Noticed a two-headed ogre
 10408 | D:8      | Found a hide-covered altar of Uskayaw.
 10450 | D:8      | Reached XP level 9. HP: 52/69 MP: 9/16
 10879 | D:9      | Reached * piety under Cheibriados
 11506 | D:9      | Reached skill level 5 in Ice Magic
 11569 | D:9      | Noticed a deep elf mage
 11574 | D:9      | Killed a deep elf mage
 11874 | D:9      | Noticed a two-headed ogre
 11881 | D:9      | Killed a two-headed ogre
 11926 | D:9      | Reached ** piety under Cheibriados
 12089 | D:9      | Reached skill level 1 in Armour
 12240 | D:9      | Found a glowing golden altar of the Shining One.
 12733 | D:10     | Entered Level 10 of the Dungeon
 12733 | D:10     | Noticed a gargoyle
 12748 | D:10     | Killed a gargoyle
 12748 | D:10     | Reached XP level 10. HP: 82/82 MP: 4/19
 12807 | D:10     | Noticed a four-headed hydra
 12811 | D:10     | Slain by a troll

Levels and vault maps discovered:
D:1:      shiori_arrival_oz, layout_basic
D:2:      layout_basic, uniq_jessica
D:3:      layout_basic, lemuel_doored_altar, minmay_statues_item
D:4:      layout_basic, lemuel_round_altar, first_ration
D:5:      layout_basic, lemuel_crystal_altar, uniq_prince_ribbit1, uniq_ijyb
D:6:      layout_rooms, serial_shops, shop, lexackson_kobold_supper
D:7:      layout_basic, nicolae_overflow_crystal_walls,
          minmay_temple_entry_butterflies
D:8:      layout_loops_ring, lemuel_crystal_altar, gammafunk_ghost_smash,
          the_bakery
D:9:      layout_basic, tso_metal_star
D:10:     layout_rooms, grunt_lair_entry_orc_guard_hut, enter_bailey_2
Temple:   regret_index_temple_sphere_string

Skill      XL: |  1  2  3  4  5  6  7  8  9 |
---------------+----------------------------+-----
Summonings     | 5 6 7 8 9 |  9.4
Air Magic      | 2 4 |  4.5
Spellcasting   | 3 5 6 |  6.3
Fighting       | 1 6 8 |  8.9
Ice Magic      | 1 4 5 |  5.8
Armour         | 3 |  3.5
Dodging        | |  2.1
Stealth        | |  1.7

Action                   |  1- 3 |  4- 6 |  7- 9 | 10-12 || total
-------------------------+-------+-------+-------+-------++-------
Melee: Unarmed           |    22 |       |       |       ||    22
       Dagger            |   104 |   188 |   313 |     3 ||   608
       Mace              |     1 |       |       |       ||     1
 Cast: Summon Small Mamm |    15 |     2 |     2 |       ||    19
       Call Imp          |     6 |    29 |    15 |     1 ||    51
       Summon Lightning  |       |     6 |    43 |     1 ||    50
       Summon Ice Beast  |       |       |     7 |     2 ||     9
       Call Canine Famil |       |       |     2 |     1 ||     3
 Abil: Hop               |       |     2 |     5 |     1 ||     8
  Use: Scroll            |       |     7 |    10 |     5 ||    22
       Potion            |       |     1 |       |     1 ||     2
 Stab: Sleeping          |     7 |       |     4 |       ||    11
       Distracted        |       |     2 |     7 |       ||     9
  Eat: Chunk             |     6 |    12 |    25 |       ||    43
       Ration            |       |     1 |     1 |       ||     2
Armor: Robe              |    11 |    12 |    32 |     3 ||    58
Dodge: Dodged            |    86 |   121 |   277 |    17 ||   501
Block: Other             |       |       |    22 |       ||    22
       Reflection        |       |       |     3 |       ||     3
